AoeStats
← Peshmerga424

Scandinavia

510594728Analyzed
1v1 RM · 7h ago on Oct 1, 2026· 33m 8s· 2 players
Game mode
Random Map
Map size
Tiny (2 player)
Population
200
Speed
Normal
Resources
Standard
Victory
Conquest
Starting age
Dark Age
Ending age
Imperial Age
RankedLock teamsTeams togetherTeam positionsShared explorationLock speedFull tech treeHidden civsTurbo modeCheats
Victory
Defeat
🇦🇷 Cumans · Argentina
1424
+15
🇸🇪 Sicilians · Sweden
1393
-15
Peshmerga424
6:42 Loom
9:06 Feudal Age
23:31 Castle Age
22:15 Horse Collar
22:21 Double-Bit Axe
22:30 Gold Mining
26:49 Bow Saw
NACHg
10:00 Feudal Age
9:28 Loom
11:01 Double-Bit Axe
17:37 Castle Age
16:15 Fletching
23:02 Bodkin Arrow
Connection lost

Rejoining the realm…

Still unreachable

The connection could not be restored.

Session expired

The server has moved on; the page needs a fresh start.